 Dungeon Crawl Stone Soup version 0.22-b1-26-g9dbaab1 (webtiles) character file.

3535 Lew the Cleaver (level 9, -4/75 HPs)
             Began as a Minotaur Fighter on Aug 7, 2018.
             Was an Elder of Nemelex Xobeh.
             Slain by Gastronok (37 damage)
             ... on level 9 of the Dungeon.
             The game lasted 01:09:59 (8283 turns).

Lew the Cleaver (Minotaur Fighter)                  Turns: 8283, Time: 01:10:00

Health: -4/75      AC:  6    Str: 23    XL:     9   Next: 82%
Magic:  6/8        EV: 13    Int:  5    God:    Nemelex Xobeh [****..]
Gold:   148        SH: 13    Dex: 11    Spells: 8/8 levels left

rFire    + . .     SeeInvis .   a - +0 war axe
rCold    + . .     Gourm    .   E - +0 shield
rNeg     . . .     Faith    .   G - +0 ring mail
rPois    +         Spirit   .   (helmet restricted)
rElec    .         Reflect  +   o - scarf {rC+ rF+}
rCorr    .         Harm     .   (no gloves)
MR       +....     Clarity  +   (no boots) Stlth +.........Rnd*Tele +
                                x - +3 amulet of reflection
HPRegen  0.22/turn              h - ring of poison resistance
MPRegen  0.11/turn              C - ring of protection from magic

@: slowed, very slow
A: retaliatory headbutt, horns 2, clarity, teleportitis 1, wild magic 1,
MP-powered wands
a: Triple Draw, Deal Four, Renounce Religion


You were on level 9 of the Dungeon.
You worshipped Nemelex Xobeh.
Nemelex Xobeh was greatly pleased with you.
You were not hungry.

You visited 2 branches of the dungeon, and saw 10 of its levels.
You also visited: Sewer.

You collected 383 gold pieces.
You spent 235 gold pieces at shops.

Inventory:

Hand Weapons
 a - a +0 war axe (weapon)
 n - a +0 war axe
Missiles
 g - 37 poisoned needles
 m - 20 arrows
 t - 15 tomahawks (quivered)
 K - a throwing net
Armour
 o - a scarf of resistance (worn)
 E - a +0 shield (worn)
 G - a +0 ring mail (worn)
Jewellery
 h - a ring of poison resistance (left hand)
 k - a +1 ring of evasion
 u - a +3 ring of intelligence
 x - a +3 amulet of reflection (around neck)
 C - a ring of protection from magic (right hand)
 D - a cursed -3 ring of dexterity {unknown}
Wands
 r - a wand of clouds (3)
 F - a wand of paralysis (14)
 J - a wand of polymorph (10)
Scrolls
 e - 3 scrolls of fear
 j - 3 scrolls of fog
 q - 2 scrolls of immolation
 w - a scroll of remove curse
 z - a scroll of noise
 B - a scroll of identify
Potions
 d - a potion of might
 i - a potion of resistance
 p - 4 potions of brilliance
 s - 2 potions of lignification
Miscellaneous
 b - a plain deck of destruction {drawn: 6}
 c - an ornate deck of destruction {drawn: 2}
 v - a plain deck of destruction
 y - a plain deck of escape {drawn: 7}
 H - a plain deck of destruction
 I - a plain deck of destruction
Comestibles
 f - 7 rations


   Skills:
 - Level 6.2 Fighting
 * Level 11.4 Axes
 - Level 6.3 Armour
 + Level 7.9 Dodging
 - Level 6.3 Shields


You had 8 spell levels left.
You didn't know any spells.
Your spell library contained the following spells:

 Spells                   Type           Power        Failure   Level  Hunger
 Magic Dart               Conj           #...         96%         1    ##.....
 Mephitic Cloud           Conj/Pois/Air  #.......     100%        3    ####...
 Venom Bolt               Conj/Pois      #.........   100%        5    ######.
 Olgreb's Toxic Radiance  Pois           #.......     100%        4    #####..
 Iskenderun's Mystic Bla  Conj           #.......     100%        4    #####..
 Animate Skeleton         Necr           N/A          96%         1    ##.....
 Sting                    Conj/Pois      #...         96%         1    ##.....
 Fulminant Prism          Conj/Hex       #.........   100%        4    #####..
 Dazzling Spray           Conj/Hex       #.....       100%        3    ####...
 Force Lance              Conj/Tloc      #.......     100%        4    #####..
 Searing Ray              Conj           #.....       99%         2    ###....
 Poisonous Vapours        Pois/Air       #.....       99%         2    ###....


Dungeon Overview and Level Annotations

Branches:
Dungeon (9/15)             Temple (1/1) D:7
   Lair: D:8-11         Orc: D:9-12

Altars:
Ashenzari
Cheibriados
Dithmenos
Elyvilon
Fedhas
Gozag
Hepliaklqana
Kikubaaqudgha
Makhleb
Nemelex Xobeh
Okawaru
Qazlal
Ru
Sif Muna
Trog
Uskayaw
Vehumet
Wu Jian
Yredelemnul
Zin
The Shining One

Shops:
D:7 =

Annotations:
D:9 Gastronok


Innate Abilities, Weirdness & Mutations

You reflexively headbutt those who attack you in melee.
You have a pair of horns on your head.
You possess an exceptional clarity of mind.
You are occasionally teleported next to monsters.
Your spells are a little harder to cast, but a little more powerful.
You expend magic power (3 MP) to strengthen your wands.


Message History

The kobold twists and deforms.
A water moccasin appears out of thin air!
Reactivating autopickup.
The water moccasin twists and deforms.
You block the necrophage's attack. The sky beast hits you.
The sky beast shocks you. Gastronok bites you.
The necrophage is lost in a daze.
You draw a card...
It is Pain.
You have drawn Pain.
Press: ? - help, Shift-Dir - straight line, f/p - Gastronok
Aim: Gastronok, wearing a runed hat (moderately wounded, covered in acid) Gastronok convulses!
You block the jackal's attack. You block the sky beast's attack.
The necrophage closely misses you. You furiously retaliate!
You headbutt the necrophage! The jackal closely misses you.
You furiously retaliate!
You headbutt the jackal!
You kill the jackal!
The jackal's corpse disappears in a puff of smoke!
The sky beast closely misses you. Gastronok bites you!!!
You die...
Your body glows with a rainbow of weird colours and disappears.

'..............
#..............
#....<.........
#..............
#...§(≈........
#..§...≈.......
#....S5§§......
#....wnY.......
#.§§.K@.§§.....
###############


You could see Gastronok, a water moccasin, a sky beast, a necrophage (dazed), a
crimson imp and a kobold.

Vanquished Creatures
  A troll (D:9)
  A hungry ghost (D:8)
  An orc warrior (D:9)
  A hornet zombie (D:9)
  2 ogres (D:8)
  A centaur (D:9)
  A bullfrog (D:7)
  A wyvern zombie (D:7)
  A gnoll sergeant (D:7)
  2 scorpions (D:8)
  2 wights (D:9)
  4 crimson imps
  2 centaur zombies
  A quasit (D:9)
  2 orc priests
  A jelly (D:8)
  7 orc wizards
  A centaur skeleton (D:8)
  2 bullfrog skeletons
  4 iguanas
  4 worker ants
  A howler monkey zombie (D:3)
  A worker ant zombie (D:5)
  A howler monkey skeleton (D:4)
  12 adders
  5 gnolls
  2 river rats (D:5)
  2 shadow imps
  4 oozes
  An adder zombie (D:9)
  An adder skeleton (D:5)
  5 worms
  A dart slug (D:2)
  6 leopard geckos
  30 orcs
  4 ball pythons
  3 bats
  16 giant cockroaches
  15 goblins
  12 hobgoblins
  8 jackals
  2 quokkas (D:8)
  A ball python skeleton (D:4)
  9 frilled lizards
  A jackal skeleton (D:4)
  7 kobolds
  A leopard gecko skeleton (D:4)
  4 rats
197 creatures vanquished.

Vanquished Creatures (collateral kills)
  Erolcha (D:9)
  Maurice (D:9)
  A troll (D:9)
  A phantom (D:6)
  3 centaurs
  A crocodile (D:8)
  3 bullfrogs
  5 wights
  A bullfrog zombie (D:8)
  A hound (D:8)
  An orc priest (D:9)
  8 orc wizards
  An iguana (D:5)
  3 gnolls
  3 adders
  5 oozes
  2 leopard geckos (Sewer)
  4 orcs
  A giant cockroach (Sewer)
  A jackal (D:8)
  8 ball pythons
  A leopard gecko skeleton (D:6)
  A quokka skeleton (D:7)
57 creatures vanquished.

Vanquished Creatures (others)
  A yak (D:9)
  3 orc warriors (D:9)
  An ogre (D:9)
  A centaur (D:9)
  A hound (D:9)
  An iguana (D:9)
  2 orc wizards
  A hound skeleton (D:9)
  A gnoll (D:7)
  4 orcs (D:9)
  A jackal (D:7)
17 creatures vanquished.

Grand Total: 271 creatures vanquished

Notes
Turn   | Place    | Note
-------+----------+-------------------------------------------
     0 | D:1      | Lew the Minotaur Fighter began the quest for the Orb.
     0 | D:1      | Reached XP level 1. HP: 19/19 MP: 0/0
   338 | D:1      | Reached XP level 2. HP: 27/27 MP: 1/1
   358 | D:1      | Gained mutation: You expend magic power (3 MP) to strengthen your wands. [potion of mutation]
   358 | D:1      | Gained mutation: Your spells are a little harder to cast, but a little more powerful. [potion of mutation]
   358 | D:1      | Gained mutation: You are occasionally teleported next to monsters. [potion of mutation]
   358 | D:1      | Gained mutation: You possess an exceptional clarity of mind. [potion of mutation]
   816 | D:1      | Reached skill level 1 in Dodging
   836 | D:1      | You fall through a shaft!
   883 | D:2      | Reached XP level 3. HP: 33/33 MP: 2/2
   897 | D:2      | Found a snail-covered altar of Cheibriados.
   914 | D:2      | Reached skill level 3 in Axes
   972 | D:2      | Found a faded altar of an unknown god.
  1078 | D:2      | Found an iron altar of Okawaru.
  1165 | D:2      | Found a burning altar of Makhleb.
  1187 | D:2      | Reached XP level 4. HP: 30/40 MP: 3/3
  1393 | D:2      | Became a worshipper of Nemelex Xobeh the Trickster
  1393 | D:2      | Received a gift from Nemelex Xobeh
  1393 | D:2      | Reached * piety under Nemelex Xobeh
  1393 | D:2      | Received a gift from Nemelex Xobeh
  2431 | D:3      | Found a white marble altar of Elyvilon.
  2488 | D:3      | Reached XP level 5. HP: 19/47 MP: 4/4
  2871 | D:3      | Found a hide-covered altar of Uskayaw.
  3137 | D:4      | Found an ornate altar of the Wu Jian Council.
  3211 | D:4      | Reached XP level 6. HP: 53/55 MP: 5/5
  3216 | D:4      | Reached ** piety under Nemelex Xobeh
  3302 | D:4      | Found a shadowy altar of Dithmenos.
  3324 | D:4      | Reached skill level 5 in Armour
  3412 | D:4      | Reached skill level 5 in Fighting
  3412 | D:4      | Reached skill level 4 in Axes
  3412 | D:4      | Reached skill level 5 in Shields
  3904 | D:5      | Entered Level 5 of the Dungeon
  3972 | D:5      | Found a burning altar of Makhleb.
  4000 | D:5      | Reached XP level 7. HP: 57/61 MP: 6/6
  4080 | D:5      | Received a gift from Nemelex Xobeh
  4164 | D:5      | Found a glowing silver altar of Zin.
  4217 | D:5      | Received a gift from Nemelex Xobeh
  4311 | D:5      | Found a glowing drain.
  4319 | Sewer    | Entered a sewer
  4592 | Sewer    | Reached *** piety under Nemelex Xobeh
  4653 | Sewer    | Reached skill level 5 in Axes
  5241 | D:6      | Received a gift from Nemelex Xobeh
  5362 | D:6      | Reached XP level 8. HP: 64/70 MP: 7/7
  6022 | D:6      | Found an ancient bone altar of Kikubaaqudgha.
  6031 | D:6      | Identified Kikubaaqudgha's Papyrus of Black Secrets
  6038 | D:6      | Found a radiant altar of Vehumet.
  6051 | D:6      | Found a deep blue altar of Sif Muna.
  6194 | D:7      | Found Ugunirei's Jewellery Emporium.
  6207 | D:7      | Bought a +3 amulet of reflection for 235 gold pieces
  6247 | D:7      | Reached skill level 6 in Axes
  6322 | D:7      | Reached skill level 5 in Dodging
  6373 | D:7      | Received a gift from Nemelex Xobeh
  6606 | D:7      | Received a gift from Nemelex Xobeh
  6620 | D:7      | Found a sacrificial altar of Ru.
  6759 | D:7      | Reached skill level 7 in Axes
  6820 | D:7      | Found a staircase to the Ecumenical Temple.
  6826 | Temple   | Entered the Ecumenical Temple
  6858 | Temple   | Reached **** piety under Nemelex Xobeh
  6978 | D:7      | Found a blossoming altar of Fedhas.
  7286 | D:8      | Reached skill level 8 in Axes
  7297 | D:8      | Reached XP level 9. HP: 63/75 MP: 2/8
  7345 | D:8      | Reached skill level 9 in Axes
  7430 | D:8      | Received a gift from Nemelex Xobeh
  7739 | D:9      | Noticed Maurice
  7745 | D:9      | Killed Maurice
  7755 | D:9      | Noticed a troll
  7756 | D:9      | Noticed a troll
  7760 | D:9      | Killed a troll
  7760 | D:9      | Reached skill level 10 in Axes
  7766 | D:9      | Killed a troll
  7769 | D:9      | Noticed Erolcha
  7783 | D:9      | Killed Erolcha
  7783 | D:9      | Reached skill level 11 in Axes
  8268 | D:9      | Noticed Gastronok
  8283 | D:9      | Slain by Gastronok

Skill      XL: |  1  2  3  4  5  6  7  8  9 |
---------------+----------------------------+-----
Dodging        | 1 2 3 4 6 7 |  7.9
Fighting       | 4 5 6 |  6.2
Armour         | 4 5 6 |  6.3
Shields        | 4 5 6 |  6.3
Axes           | 3 4 5 8 11 | 11.4

Action                   |  1- 3 |  4- 6 |  7- 9 || total
-------------------------+-------+-------+-------++-------
Melee: War axe           |    96 |   233 |   313 ||   642
       Headbutt          |    10 |    31 |    44 ||    85
Throw: Tomahawk          |       |     4 |       ||     4
Evoke: Deck              |       |     4 |    34 ||    38
       Wand              |       |       |    13 ||    13
  Use: Scroll            |    10 |     3 |    14 ||    27
       Potion            |     2 |     6 |     4 ||    12
 Stab: Paralysed         |       |       |     4 ||     4
  Eat: Chunk             |       |     7 |     3 ||    10
       Ration            |       |     1 |     4 ||     5
Armor: Scale mail        |    42 |    90 |    61 ||   193
       Ring mail         |       |       |    27 ||    27
Dodge: Dodged            |    31 |    96 |   145 ||   272
Block: Shield            |    44 |   118 |   257 ||   419
       Reflection        |       |       |    15 ||    15
